 Dungeon Crawl Stone Soup version 0.30-a0-165-g1891117ce2 (webtiles) character file.

Game seed: 14168595275186543424

4066 qw the Cleaver (level 10, -11/64 HPs)
             Began as a Gargoyle Fighter on Sept 28, 2022.
             Was a Priest of Okawaru.
             Mangled by an ice devil (21 damage)
             ... on level 8 of the Dungeon.
             The game lasted 00:02:41 (6692 turns).

qw the Cleaver (Gargoyle Fighter)                   Turns: 6692, Time: 00:02:42

Health: -11/64     AC: 18    Str: 24    XL:     10   Next: 25%
Magic:  12/13      EV: 12    Int:  9    God:    Okawaru [***...]
Gold:   420        SH:  6    Dex:  9    Spells: 9/9 levels left

rFire   . . .      SeeInvis .    Y - +2 war axe
rCold   . . .      Faith    .    c - +0 buckler
rNeg    + . .      Spirit   .    b - +0 scale mail
rPois   inf        Reflect  .    (no helmet)
rElec   +          Harm     .    (no cloak)
rCorr   .          Rampage  .    (no gloves)
Will    .....                    o - +2 pair of boots
Stlth   +.........               n - amulet of regeneration
HPRegen 1.00/turn                (no ring)
MPRegen 0.13/turn                (no ring)

@: heroic, slowed, very slow
A: sickness immunity, AC +7, negative energy resistance 1, electricity
resistance, torment resistance 1, petrification resistance
a: Renounce Religion, Heroism


You were on level 8 of the Dungeon.
You worshipped Okawaru.
Okawaru was most pleased with you.
You visited 2 branches of the dungeon, and saw 9 of its levels.

You collected 420 gold pieces.


Innate Abilities, Weirdness & Mutations

You are immune to sickness and miasma.
Your stone body is resilient. (AC +7)
You are immune to poison.
You resist negative energy. (rN+)
You are resistant to electric shocks. (rElec)
You are resistant to unholy torment.
You are immune to petrification.


   Skills:
 - Level 8.0(13.0) Fighting
 - Level 10.0(15.0) Axes
 - Level 3.2(8.2) Throwing
 - Level 3.2(8.2) Armour
 - Level 2.2(7.2) Dodging
 + Level 4.9(9.9) Shields
 - Level 4.3 Invocations


You had 9 spell levels left.
You didn't know any spells.
Your spell library was empty.

Inventory:

Hand Weapons
 l - a +0 flail
 Y - a +2 war axe (weapon)
Missiles
 m - a boomerang (quivered)
Armour
 a - a +0 pair of boots of flying
 b - a +0 scale mail (worn)
 c - a +0 buckler (worn)
 k - a +0 plate armour
 o - a +2 pair of boots (worn)
 s - a +0 chain mail
 t - the +4 ring mail "Qoly" {Fly Str+9 Dex-5}
   (You took it off an orc priest on level 8 of the Dungeon)

   Str:       It affects your strength (+9).
   Dex:       It affects your dexterity (-5).
   Fly:       It grants you flight.
Jewellery
 i - a ring of fire
 n - an amulet of regeneration (around neck)
 p - a ring of wizardry
Scrolls
 g - 4 scrolls of identify
 q - a scroll of enchant armour
 u - a scroll of blinking {unknown}
Potions
 d - 3 potions of might
 e - 3 potions of curing
 f - 3 potions of haste
 h - a potion of mutation

Dungeon Overview and Level Annotations

Branches:
Dungeon (8/15)             Temple (1/1) D:4            Lair (0/5) D:8

Altars:
Cheibriados
Dithmenos
Elyvilon
Fedhas
Gozag
Hepliaklqana
Kikubaaqudgha
Makhleb
Nemelex Xobeh
Okawaru
Qazlal
Ru
Sif Muna
Trog
Uskayaw
Wu Jian
Xom
Yredelemnul
Zin
The Shining One

Shops:
D:4 (   D:7 *


Message History

The puff of frost hits you!
You slash the white imp!
You kill the white imp!
Okawaru accepts your kill.
You closely miss the freezing wraith. You block the freezing wraith's attack.
The freezing wraith hits you but does no damage.
You hit the freezing wraith.
The freezing wraith is lightly damaged.
You hit the freezing wraith.
The freezing wraith is lightly damaged.
The freezing wraith hits you but does no damage. x2
You hit the freezing wraith but do no damage.
The freezing wraith is lightly damaged.
You closely miss the freezing wraith. You block the freezing wraith's attack.
The freezing wraith misses you. The freezing wraith hits you.
The freezing wraith freezes you! The freezing wraith barely misses you.
You closely miss the freezing wraith.
The freezing wraith is lightly damaged.
You closely miss the freezing wraith.
The freezing wraith hits you but does no damage.
The freezing wraith barely misses you. x2; The freezing wraith hits you.
The freezing wraith drains your vigour!
You feel yourself slow down.
You slash the freezing wraith!
The freezing wraith is heavily damaged.
You slash the freezing wraith!
The freezing wraith hits you but does no damage.
You block the freezing wraith's attack. The freezing wraith hits you.
The freezing wraith freezes you!! The freezing wraith hits you.
The freezing wraith drains your vigour!
You feel as though you will be slow longer.
You slash the freezing wraith!
The freezing wraith is severely damaged.
You hit the ice devil. You hit the freezing wraith.
The freezing wraith misses you.
The freezing wraith hits you but does no damage. x2
The freezing wraith misses you. The ice devil hits you.
The ice devil freezes you!!
You die...

#..##.# #.## #.# #.....>[...
##..##.# #..# #.# #..##......
#......# #### #### #..##.#.###
##..##.# #~#~#~# #<.......#
###..##.# #.#... #..##.#..#
.##.###.# #.... #..##.#..## .##.#
#?# #... #....)..... .##.# #.#
#..# .#..#...#.#. .##.# #.#
##.@###(.##...#[.... .##.###.##
#.4WW.....###...#.#.
.##.##...#####.........####......
...###.#.....#...#~~#..##...##.##
....##...###.'...~##~...#........
...8.##.## #.'..#~# )...#########
......#.# #.'..~## ... #
.}....#.# #.'..~# .. ######
........# ###..#~~ #####.....


You could see an ice devil and 2 freezing wraiths.

Vanquished Creatures
  Pikel (D:5)
  Joseph (D:7)
  2 ice devils (D:8)
  Prince Ribbit (D:5)
  Sigmund (D:4)
  3 wyverns
  Menkaure (D:6)
  A water moccasin (D:8)
  Duvessa (D:5)
  2 orc warriors (D:8)
  A sky beast (D:7)
  2 black bears (D:5)
  3 ogres
  A centaur (D:8)
  A lemure (D:5)
  A kobold brigand (D:7)
  A scorpion (D:5)
  Dowan (D:5)
  3 howler monkeys (D:8)
  2 hounds (D:5)
  2 jellies (D:6)
  An orc priest (D:8)
  Jessica (D:2)
  2 iguanas
  7 orc wizards
  9 adders
  3 gnolls (D:7)
  A shadow imp (D:7)
  3 white imps
  2 ufetubi (D:5)
  2 worms
  2 dart slugs
  6 orcs
  12 ball pythons
  4 bats
  5 endoplasms
  A giant cockroach (D:1)
  7 goblins
  6 hobgoblins
  8 jackals
  4 quokkas
  2 frilled lizards
  13 kobolds
  3 rats
136 creatures vanquished.

Vanquished Creatures (others)
  A plant (D:5)
1 creature vanquished.

Grand Total: 137 creatures vanquished

Notes
Turn   | Place    | Note
-------+----------+-------------------------------------------
     0 | D:1      | qw the Gargoyle Fighter began the quest for the Orb.
     0 | D:1      | Reached XP level 1. HP: 14/14 MP: 1/1
     0 | D:1      | 0 ||| qw: Version: 0.2-a-12-gaebbb33
     0 | D:1      | 0 ||| qw: Game counter: 737
     0 | D:1      | 0 ||| qw: Always use a shield: true
     0 | D:1      | 0 ||| qw: God list: Okawaru
     0 | D:1      | 0 ||| qw: Allow faded altars: false
     0 | D:1      | 0 ||| qw: Do Orc after D:15 true
     0 | D:1      | 0 ||| qw: Do second Lair branch before Depths: true
     0 | D:1      | 0 ||| qw: Lair rune preference: random
     0 | D:1      | 0 ||| qw: Plans: Normal, Zot:1-4, God:TSO, Crypt, Tomb,
                  | Pan, Slime:5, Hells, Abyss, Orb
     0 | D:1      | 0 ||| PLANNING D:1-11
    63 | D:1      | 63 ||| Stepping ~*~*~tactically~*~*~ (stealth).
    84 | D:1      | 84 ||| Stepping ~*~*~tactically~*~*~ (stealth).
    93 | D:1      | 93 ||| Stepping ~*~*~tactically~*~*~ (stealth).
    94 | D:1      | 94 ||| Stepping ~*~*~tactically~*~*~ (stealth).
    97 | D:1      | 97 ||| Stepping ~*~*~tactically~*~*~ (stealth).
    98 | D:1      | 98 ||| Stepping ~*~*~tactically~*~*~ (stealth).
    99 | D:1      | 99 ||| Stepping ~*~*~tactically~*~*~ (stealth).
   101 | D:1      | 101 ||| Stepping ~*~*~tactically~*~*~ (stealth).
   117 | D:1      | 117 ||| Stepping ~*~*~tactically~*~*~ (stealth).
   118 | D:1      | 118 ||| Stepping ~*~*~tactically~*~*~ (stealth).
   127 | D:1      | 127 ||| Stepping ~*~*~tactically~*~*~ (stealth).
   128 | D:1      | 128 ||| Stepping ~*~*~tactically~*~*~ (stealth).
   144 | D:1      | 144 ||| Stepping ~*~*~tactically~*~*~ (stealth).
   149 | D:1      | 149 ||| Stepping ~*~*~tactically~*~*~ (stealth).
   154 | D:1      | Reached skill level 2 in Axes
   442 | D:1      | 442 ||| DROPPING +0 club.
   468 | D:1      | Reached XP level 2. HP: 19/19 MP: 2/2
   782 | D:1      | 782 ||| Stepping ~*~*~tactically~*~*~ (stealth).
   926 | D:1      | 926 ||| UPGRADING to amulet of guardian spirit.
   931 | D:1      | 931 ||| READING 3 scrolls labelled GOUWEKHETU.
   970 | D:1      | 970 ||| Stepping ~*~*~tactically~*~*~ (hiding).
   996 | D:2      | 996 ||| STAIRDANCE
  1017 | D:1      | Reached skill level 3 in Axes
  1017 | D:1      | Reached XP level 3. HP: 19/23 MP: 3/3
  1068 | D:2      | 1068 ||| STAIRDANCE
  1137 | D:2      | 1137 ||| STAIRDANCE
  1250 | D:2      | 1250 ||| STAIRDANCE
  1317 | D:2      | 1317 ||| STAIRDANCE
  1478 | D:2      | Noticed Jessica
  1479 | D:2      | 1479 ||| Stepping ~*~*~tactically~*~*~ (hiding).
  1480 | D:2      | 1480 ||| Stepping ~*~*~tactically~*~*~ (stealth).
  1493 | D:2      | Killed Jessica
  1494 | D:2      | Reached skill level 4 in Axes
  1494 | D:2      | Reached XP level 4. HP: 24/28 MP: 2/4
  1642 | D:2      | 1642 ||| DROPPING +0 whip.
  1837 | D:2      | 1837 ||| Stepping ~*~*~tactically~*~*~ (stealth).
  1876 | D:2      | 1876 ||| READING scroll labelled XIS USAEFU.
  1949 | D:3      | Found a faded altar of an unknown god.
  2029 | D:3      | 2029 ||| Stepping ~*~*~tactically~*~*~ (stealth).
  2033 | D:3      | 2033 ||| Stepping ~*~*~tactically~*~*~ (stealth).
  2035 | D:3      | 2035 ||| Stepping ~*~*~tactically~*~*~ (stealth).
  2046 | D:3      | 2046 ||| FLEEEEING.
  2047 | D:3      | 2047 ||| FLEEEEING.
  2049 | D:3      | 2049 ||| Stepping ~*~*~tactically~*~*~ (stealth).
  2050 | D:3      | 2050 ||| Stepping ~*~*~tactically~*~*~ (stealth).
  2062 | D:3      | 2062 ||| Stepping ~*~*~tactically~*~*~ (stealth).
  2064 | D:3      | 2064 ||| Stepping ~*~*~tactically~*~*~ (stealth).
  2105 | D:3      | 2105 ||| Stepping ~*~*~tactically~*~*~ (stealth).
  2149 | D:3      | Found a stormy altar of Qazlal.
  2353 | D:3      | Found a faded altar of an unknown god.
  2367 | D:3      | Found an ornate altar of the Wu Jian Council.
  2408 | D:3      | Identified the +1 trident "Matz" {vorpal, rElec rC+}
  2409 | D:3      | 2409 ||| DROPPING scarf of shadows.
  2410 | D:3      | 2410 ||| UPGRADING to amulet of regeneration.
  2420 | D:3      | 2420 ||| DROPPING amulet of guardian spirit.
  2421 | D:3      | 2421 ||| READING scroll labelled UWOVVY FEEPUES.
  2422 | D:3      | 2422 ||| DRINKING 2 orange potions.
  2423 | D:3      | 2423 ||| DRINKING 2 fuming pink potions.
  2511 | D:4      | Reached XP level 5. HP: 32/32 MP: 5/5
  2574 | D:4      | Found a staircase to the Ecumenical Temple.
  2575 | D:4      | 2575 ||| PLANNING TEMPLE
  2603 | D:4      | 2603 ||| Stepping ~*~*~tactically~*~*~ (stealth).
  2611 | D:4      | 2611 ||| READING scroll labelled NERARARAZO.
  2624 | Temple   | Entered the Ecumenical Temple
  2664 | Temple   | 2664 ||| PLANNING OKAWARU WORSHIP
  2738 | Temple   | Became a worshipper of Warmaster Okawaru
  2739 | Temple   | 2739 ||| PLANNING D:1-11
  3050 | D:4      | Found a bloodstained altar of Trog.
  3081 | D:4      | Found Ocivoed's Weapon Shoppe.
  3096 | D:4      | 3096 ||| SHOPLISTING +2 vampiric hand axe (252 gold, have
                  | 168).
  3159 | D:4      | Noticed Sigmund
  3160 | D:4      | 3160 ||| Stepping ~*~*~tactically~*~*~ (hiding).
  3163 | D:4      | 3163 ||| Stepping ~*~*~tactically~*~*~ (hiding).
  3173 | D:4      | Killed Sigmund
  3174 | D:4      | Reached skill level 6 in Axes
  3174 | D:4      | Reached XP level 6. HP: 24/37 MP: 6/6
  3288 | D:4      | Found a basalt altar of Yredelemnul.
  3390 | D:4      | 3390 ||| STAIRDANCE
  3394 | D:4      | 3394 ||| STAIRDANCE
  3398 | D:4      | 3398 ||| STAIRDANCE
  3402 | D:4      | 3402 ||| STAIRDANCE
  3406 | D:4      | 3406 ||| STAIRDANCE
  3410 | D:4      | 3410 ||| STAIRDANCE
  3414 | D:4      | 3414 ||| STAIRDANCE
  3418 | D:4      | 3418 ||| STAIRDANCE
  3422 | D:4      | 3422 ||| STAIRDANCE
  3426 | D:4      | 3426 ||| STAIRDANCE
  3430 | D:4      | 3430 ||| STAIRDANCE
  3434 | D:4      | 3434 ||| STAIRDANCE
  3438 | D:4      | 3438 ||| STAIRDANCE
  3442 | D:4      | 3442 ||| STAIRDANCE
  3446 | D:4      | 3446 ||| STAIRDANCE
  3450 | D:4      | 3450 ||| STAIRDANCE
  3454 | D:4      | 3454 ||| STAIRDANCE
  3458 | D:4      | 3458 ||| STAIRDANCE
  3462 | D:4      | 3462 ||| STAIRDANCE
  3466 | D:4      | 3466 ||| STAIRDANCE
  3569 | D:3      | Found a shimmering blue altar of Sif Muna.
  3591 | D:5      | Entered Level 5 of the Dungeon
  3629 | D:5      | Noticed a black bear
  3639 | D:5      | Killed a black bear
  3678 | D:5      | Reached skill level 1 in Dodging
  3678 | D:5      | Reached XP level 7. HP: 44/44 MP: 7/7
  3770 | D:5      | Reached * piety under Okawaru
  3871 | D:5      | Found a shimmering altar of Xom.
  3871 | D:5      | Found a shimmering altar of Xom.
  3871 | D:5      | Found a shimmering altar of Xom.
  3872 | D:5      | 3872 ||| Stepping ~*~*~tactically~*~*~ (stealth).
  3874 | D:5      | 3874 ||| INVOKING Heroism.
  3881 | D:5      | Reached skill level 1 in Invocations
  3903 | D:5      | Found a shimmering altar of Xom.
  3905 | D:5      | Found a shimmering altar of Xom.
  4048 | D:5      | Noticed Pikel
  4049 | D:5      | 4049 ||| INVOKING Heroism.
  4057 | D:5      | 4057 ||| DRINKING 2 potions of curing.
  4057 | D:5      | 4057 ||| (to cure confusion)
  4067 | D:5      | 4067 ||| INVOKING Heroism.
  4068 | D:5      | Killed Pikel
  4069 | D:5      | Reached skill level 7 in Axes
  4069 | D:5      | Reached XP level 8. HP: 44/48 MP: 6/11
  4281 | D:5      | Noticed Prince Ribbit
  4282 | D:5      | 4282 ||| INVOKING Heroism.
  4286 | D:5      | Killed Prince Ribbit
  4286 | D:5      | Reached ** piety under Okawaru
  4287 | D:5      | Reached skill level 6 in Fighting
  4402 | D:5      | Noticed Duvessa
  4403 | D:5      | 4403 ||| INVOKING Heroism.
  4406 | D:5      | Noticed Dowan
  4407 | D:5      | 4407 ||| Stepping ~*~*~tactically~*~*~ (hiding).
  4419 | D:5      | Killed Duvessa
  4420 | D:5      | Reached skill level 1 in Throwing
  4424 | D:5      | Killed Dowan
  4455 | D:5      | 4455 ||| DROPPING orb of light.
  4456 | D:5      | 4456 ||| UPGRADING to +0 pair of boots.
  4461 | D:5      | 4461 ||| READING 2 scrolls of enchant armour.
  4461 | D:5      | 4461 ||| ENCHANTING +0 pair of boots.
  4462 | D:5      | 4462 ||| READING scroll of enchant armour.
  4462 | D:5      | 4462 ||| ENCHANTING +1 pair of boots.
  4463 | D:5      | 4463 ||| READING scroll labelled JICVOCZEGIK.
  4464 | D:5      | 4464 ||| READING scroll labelled OFEULU KOUDE.
  4465 | D:5      | 4465 ||| READING 5 scrolls of identify.
  4465 | D:5      | 4465 ||| IDENTIFYING murky blue potion
  4466 | D:5      | 4466 ||| READING 4 scrolls of identify.
  4466 | D:5      | 4466 ||| IDENTIFYING golden potion
  4521 | D:6      | 4521 ||| INVOKING Heroism.
  4546 | D:6      | 4546 ||| Stepping ~*~*~tactically~*~*~ (hiding).
  4557 | D:6      | Reached skill level 8 in Axes
  4601 | D:6      | Found a shadowy altar of Dithmenos.
  4610 | D:6      | Reached XP level 9. HP: 55/55 MP: 12/12
  4660 | D:6      | Found a sparkling altar of Nemelex Xobeh.
  4689 | D:6      | 4689 ||| INVOKING Heroism.
  4835 | D:6      | Noticed Menkaure
  4836 | D:6      | 4836 ||| INVOKING Heroism.
  4843 | D:6      | Killed Menkaure
  5002 | D:6      | 5002 ||| READING scroll labelled WEDDAA YGIO.
  5003 | D:6      | 5003 ||| READING scroll labelled ACRUAT XIRO.
  5004 | D:6      | 5004 ||| READING 3 scrolls of identify.
  5004 | D:6      | 5004 ||| IDENTIFYING metallic pink potion
  5005 | D:6      | 5005 ||| READING 2 scrolls of identify.
  5005 | D:6      | 5005 ||| IDENTIFYING brown potion
  5006 | D:6      | 5006 ||| DROPPING potion of brilliance.
  5007 | D:6      | 5007 ||| DROPPING potion of flight.
  5065 | D:7      | Found a glowing golden altar of the Shining One.
  5070 | D:7      | 5070 ||| INVOKING Heroism.
  5082 | D:7      | Reached skill level 9 in Axes
  5100 | D:7      | 5100 ||| INVOKING Heroism.
  5176 | D:7      | 5176 ||| INVOKING Heroism.
  5285 | D:7      | Noticed Joseph
  5293 | D:7      | 5293 ||| INVOKING Heroism.
  5298 | D:7      | Killed Joseph
  5298 | D:7      | Reached *** piety under Okawaru
  5298 | D:7      | Received a gift from Okawaru
  5356 | D:7      | 5356 ||| INVOKING Heroism.
  5372 | D:7      | Found Gealid's Elemental Accessories.
  5491 | D:7      | 5491 ||| INVOKING Heroism.
  5723 | D:7      | 5723 ||| READING scroll labelled EWEOD SOISUY.
  5724 | D:7      | 5724 ||| READING 4 scrolls of identify.
  5724 | D:7      | 5724 ||| IDENTIFYING pink potion
  5725 | D:7      | 5725 ||| DROPPING potion of ambrosia.
  5774 | D:8      | Reached skill level 3 in Throwing
  5774 | D:8      | 5774 ||| STAIRDANCE
  5794 | D:8      | 5794 ||| Stepping ~*~*~tactically~*~*~ (hiding).
  5795 | D:8      | 5795 ||| Stepping ~*~*~tactically~*~*~ (hiding).
  5798 | D:8      | 5798 ||| Stepping ~*~*~tactically~*~*~ (hiding).
  5799 | D:8      | 5799 ||| Stepping ~*~*~tactically~*~*~ (hiding).
  5800 | D:8      | 5800 ||| Stepping ~*~*~tactically~*~*~ (hiding).
  6017 | D:8      | Identified the +4 ring mail "Qoly" {Fly Str+9 Dex-5}
  6018 | D:8      | 6018 ||| FLEEEEING.
  6020 | D:8      | 6020 ||| FLEEEEING.
  6021 | D:8      | 6021 ||| FLEEEEING.
  6022 | D:8      | 6022 ||| FLEEEEING.
  6023 | D:8      | 6023 ||| FLEEEEING.
  6024 | D:8      | 6024 ||| INVOKING Heroism.
  6025 | D:8      | 6025 ||| Stepping ~*~*~tactically~*~*~ (hiding).
  6026 | D:8      | 6026 ||| Stepping ~*~*~tactically~*~*~ (hiding).
  6027 | D:8      | 6027 ||| Stepping ~*~*~tactically~*~*~ (hiding).
  6028 | D:8      | 6028 ||| Stepping ~*~*~tactically~*~*~ (hiding).
  6066 | D:8      | Reached XP level 10. HP: 64/64 MP: 13/13
  6084 | D:8      | 6084 ||| READING scroll of enchant weapon.
  6084 | D:8      | 6084 ||| ENCHANTING +1 war axe.
  6106 | D:8      | 6106 ||| INVOKING Heroism.
  6113 | D:8      | 6113 ||| Stepping ~*~*~tactically~*~*~ (hiding).
  6115 | D:8      | Reached skill level 10 in Axes
  6164 | D:8      | Found a glowing silver altar of Zin.
  6292 | D:8      | Found a staircase to the Lair.
  6365 | D:8      | Found a snail-covered altar of Cheibriados.
  6473 | D:8      | 6473 ||| Stepping ~*~*~tactically~*~*~ (stealth).
  6477 | D:8      | 6477 ||| INVOKING Heroism.
  6480 | D:8      | HP: 14/64 [ice devil (21)]
  6481 | D:8      | 6481 ||| READING 2 scrolls of teleportation.
  6482 | D:8      | 6482 ||| DRINKING 2 potions of heal wounds.
  6484 | D:8      | 6484 ||| Stepping ~*~*~tactically~*~*~ (stealth).
  6547 | D:8      | 6547 ||| INVOKING Heroism.
  6548 | D:8      | HP: 1/64 [ice devil (17)]
  6549 | D:8      | 6549 ||| READING scroll of teleportation.
  6550 | D:8      | 6550 ||| DRINKING potion of heal wounds.
  6680 | D:8      | Found the +8 frozen axe "Frostbite" {freezing cloud, *Noise
                  | Fly rC+}
  6681 | D:8      | 6681 ||| INVOKING Heroism.
  6691 | D:8      | HP: 12/64 [freezing wraith (6)]
  6692 | D:8      | Mangled by an ice devil

Levels and vault maps discovered:
D:1:      enne_arrival_octagon_isle, layout_basic
D:2:      layout_rooms, uniq_jessica
D:3:      layout_rooms, grunt_qazlal_sundering, nicolae_overflow_hidden_temple,
          nicolae_overflow_ecumenical_swirl,
          hellmonk_ecumenical_altar_heavens_door,
          nicolae_elevator_lobby_asterisk
D:4:      layout_basic, lemuel_coloured_pillars_altar,
          mainiacjoe_overflow_paths, minmay_temple_entry_hall, serial_shops,
          nicolae_shop_bloodbath_and_beyond, lemuel_flame_loot_1, uniq_sigmund
D:5:      layout_loops_ring, xom_redecorated, serial_bayou_pond_d,
          uniq_prince_ribbit1, uniq_pikel, uniq_duvessa
D:6:      layout_rooms, nemelex_spade_bored_becter,
          nicolae_dithmenos_the_darkroom, minmay_stone_trees_medium,
          grunt_decor_junction, uniq_menkaure
D:7:      layout_basic, mainiacjoe_overflow_cross_hatched,
          nicolae_elemental_shop, uniq_joseph
D:8:      layout_loops_ring, old_standard_altar, old_standard_altar,
          lair_entry_dummy, wad_floor_pattern_untrapped,
          hellmonk_guarded_unrand_frostbite
Temple:   kb_temple_of_zot

Skill      XL: |  1  2  3  4  5  6  7  8  9 10 |
---------------+-------------------------------+-----
Axes           | 2 3 4 6 7 8 9 10 | 10.0
Fighting       | 4 6 7 8 |  8.0
Dodging        | 1 2 |  2.2
Invocations    | 4 |  4.3
Throwing       | 1 3 |  3.2
Shields        | 4 |  4.9
Armour         | |  3.2

Action                   |  1- 3 |  4- 6 |  7- 9 | 10-12 || total
-------------------------+-------+-------+-------+-------++-------
Melee: War axe           |   116 |   140 |   174 |    45 ||   475
Throw: Boomerang         |       |       |    31 |     9 ||    40
       Javelin           |       |       |     5 |     4 ||     9
Invok: Heroism           |       |       |    15 |     4 ||    19
  Use: Scroll            |     1 |     3 |    12 |     3 ||    19
       Potion            |       |     2 |     1 |     2 ||     5
Armor: Scale mail        |    77 |    68 |    76 |    21 ||   242
Dodge: Dodged            |    74 |    56 |    61 |    18 ||   209
Block: Buckler           |    24 |    26 |    37 |     5 ||    92

Table legend:
 A = Non-vault XP
 B = Vault XP
 C = Vault XP percentage of total XP
 D = Non-vault monster count
 E = Vault monster count
 F = Vault count percentage of total count
                 A         B        C        D         E       F
            +---------+---------+-------+---------+---------+-------
      Total |    3080 |    2729 |  47.0 |     123 |      12 |   8.9
            +---------+---------+-------+---------+---------+-------
        D:1 |      56 |       0 |   0.0 |      23 |       0 |   0.0
        D:2 |      35 |      37 |  51.4 |      13 |       1 |   7.1
        D:3 |      33 |       0 |   0.0 |      18 |       0 |   0.0
        D:4 |      62 |     239 |  79.4 |      14 |       1 |   6.7
        D:5 |     616 |    1140 |  64.9 |      11 |       4 |  26.7
        D:6 |     221 |     165 |  42.7 |       8 |       1 |  11.1
        D:7 |    1068 |     445 |  29.4 |      23 |       1 |   4.2
        D:8 |     989 |     703 |  41.5 |      13 |       4 |  23.5
            +---------+---------+-------+---------+---------+-------
